 Dungeon Crawl Stone Soup version 0.27.1 (webtiles) character file.

Game seed: 6932887207514981697

190 ZARRMARR the Insei (level 5, 0/33 HPs)
             Began as an Octopode Transmuter on Aug 31, 2021.
             Slain by Eustachio (10 damage)
             ... on level 4 of the Dungeon.
             The game lasted 00:13:51 (3364 turns).

ZARRMARR the Insei (Octopode Transmuter)            Turns: 3364, Time: 00:13:52

Health: 0/33       AC:  1    Str:  9    XL:     5   Next: 69%
Magic:  9/10       EV: 13    Int: 17    God:
Gold:   213        SH:  0    Dex: 12    Spells: 10/11 levels left

rFire    . . .     SeeInvis .     - Unarmed
rCold    + . .     Faith    .   (no shield)
rNeg     . . .     Spirit   .   (helmet currently unavailable)
rPois    .         Reflect  .   (no amulet)
rElec    .         Harm     .   c - ring of protection from cold
rCorr    +         Rampage  .   i - ring of resist corrosion
Will     .....                  (no ring)
Stlth    ++........             (no ring)
HPRegen  0.11/turn              (no ring)
MPRegen  0.12/turn              (no ring)
                                (no ring)
                                (no ring)

@: appendages
A: tentacle spike 3, almost no armour, amphibious, 8 rings, camouflage 1,
gelatinous body 1, (nimble swimmer 1), tentacles
a: End Transformation


You were on level 4 of the Dungeon.
One of your tentacles had grown a beastly spike.
You visited 1 branch of the dungeon, and saw 4 of its levels.

You collected 213 gold pieces.

Inventory:

Jewellery
 c - a ring of protection from cold (left tentacle)
 i - a ring of resist corrosion (right tentacle)
Scrolls
 b - a scroll of amnesia
 e - 3 scrolls of teleportation {unknown}
 h - a scroll of fog {unknown}
 j - a scroll of immolation {unknown}
 k - a scroll of blinking {unknown}
Potions
 a - a potion of curing {unknown}
 d - a potion of invisibility {unknown}
 f - a potion of degeneration {unknown}
 g - 2 potions of brilliance {unknown}


   Skills:
 - Level 1.0 Fighting
 * Level 2.2 Dodging
 * Level 4.9 Unarmed Combat
 * Level 3.6 Spellcasting
 * Level 2.0 Transmutations
 * Level 0.1 Ice Magic


You had 10 spell levels left.
You knew the following spells:

 Your Spells              Type           Power      Damage    Failure   Level
a - Beastly Appendage     Tmut           20%        N/A       7%          1

Your spell library contained the following spells:

 Spells                   Type           Power      Damage    Failure   Level
 Wereblood                Tmut           10%        N/A       11%         2
 Spider Form              Tmut/Pois      3%         N/A       32%         3
 Gell's Gravitas          Tloc           1%         N/A       43%         3
 Lesser Beckoning         Tloc           1%         N/A       43%         3
 Teleport Other           Tloc           3%         N/A       43%         3
 Ice Form                 Ice/Tmut       6%         N/A       71%         4


Dungeon Overview and Level Annotations

Branches:
Dungeon (4/15)
 Temple: D:4-7

Altars:

Annotations:
D:3 Grinder
D:4 Eustachio


Innate Abilities, Weirdness & Mutations

One of your tentacles has grown a beastly spike.
You cannot wear most types of armour.
You are amphibious.
You can wear up to eight rings at the same time.
Your skin changes colour to match your surroundings (Stealth+).
Your rubbery body absorbs attacks. (AC +1, EV +1)
((You are camouflaged near water. (Stealth+)))
You have tentacles for arms and can constrict up to eight enemies at once.


Message History

You see here 16 gold pieces.
You now have 213 gold pieces (gained 16).
Casting: Beastly Appendage (safe; 7% risk of failure)
Confirm with . or Enter, or press ? or * to list all spells.
One of your tentacles grows a vicious spike.
You tentacle-slap the adder skeleton. You grab the adder skeleton.
You pierce the adder skeleton.
You squeeze the adder skeleton, but do no damage.
The adder skeleton is moderately damaged.
You constrict the adder skeleton. The adder skeleton misses you.
You tentacle-slap the adder skeleton.
The adder skeleton is heavily damaged.
You constrict the adder skeleton. The adder skeleton bites you.
You tentacle-slap the adder skeleton.
You destroy the adder skeleton!
Magic restored.
Your transformation is almost over.
Eustachio the Magnificent comes into view.
He is wielding a +5 vampiric rapier.
Eustachio is nearby!
Casting: Beastly Appendage (safe; 7% risk of failure)
Confirm with . or Enter, or press ? or * to list all spells.
You extend your transformation's duration.
Eustachio shouts!
Eustachio utters an oath, "I will die for my friends!"
Eustachio hits you with a +5 vampiric rapier.
You closely miss Eustachio. You grab Eustachio.
You pierce Eustachio.
Eustachio is lightly wounded.
You constrict Eustachio.
Eustachio hits you with a +5 vampiric rapier!
Eustachio draws strength from your wounds!
You tentacle-slap Eustachio.
Eustachio is lightly wounded.
You constrict Eustachio, but do no damage.
Eustachio hits you with a +5 vampiric rapier.
You tentacle-slap Eustachio but do no damage.
You pierce Eustachio.
Eustachio is moderately wounded.
You constrict Eustachio.
Eustachio hits you with a +5 vampiric rapier!
You die...

#.........######......
#.###............)....
#.# ##...#####..>#....
... ###.# #.#......
[...# #.# #.##.##.#
.##..# ##.## #.##.##.#
#. #..# ##...##
#.##.##.# #
#..###.$...###.##.# .#
#..##@......##.##.#
#...@..........##.#
#..##.......#####.. #.
##.....## ... #
##...## ### ##.## .#
##


You could see Eustachio.

Vanquished Creatures
  A bullfrog (D:4)
  6 adders
  An adder skeleton (D:4)
  2 worms
  A dart slug (D:3)
  3 ball pythons
  8 endoplasms
  A giant cockroach (D:2)
  6 goblins
  8 hobgoblins
  6 jackals
  3 quokkas
  3 bats
  4 frilled lizards
  5 kobolds
  3 rats
  A spectral hobgoblin (D:2)
62 creatures vanquished.

Notes
Turn   | Place    | Note
-------+----------+-------------------------------------------
     0 | D:1      | ZARRMARR the Octopode Transmuter began the quest for the
                  | Orb.
     0 | D:1      | Reached XP level 1. HP: 13/13 MP: 3/3
   225 | D:1      | Reached XP level 2. HP: 18/18 MP: 5/5
  1129 | D:2      | Reached XP level 3. HP: 22/23 MP: 3/6
  1185 | D:2      | Reached skill level 4 in Unarmed Combat
  1309 | D:2      | Found a faded altar of an unknown god.
  1731 | D:3      | Reached XP level 4. HP: 13/28 MP: 6/8
  2817 | D:3      | Noticed Grinder
  2891 | D:4      | Noticed a bullfrog
  2898 | D:4      | Killed a bullfrog
  2899 | D:4      | Reached XP level 5. HP: 27/33 MP: 7/10
  3357 | D:4      | Noticed Eustachio
  3364 | D:4      | Slain by Eustachio

Illustrated notes

Levels and vault maps discovered:
D:1:      dpeg_arrival_arbitrary_a, layout_basic, minmay_pentomino_x4
D:2:      layout_basic, dreamdust_ecumenical_altar_drowned_temple,
          nrook_campfire, st_stairs_2, minmay_splitting_lines
D:3:      layout_basic, okawaru_altar_gauntlet_db, nzn_wu_jian_contemplation,
          uniq_grinder
D:4:      layout_loops_ring, st_stairs_2, uniq_eustachio

Skill      XL: |  1  2  3  4 |
---------------+-------------+-----
Unarmed Combat | 4 |  4.9
Spellcasting   | 3 |  3.6
Fighting       | |  1.0
Dodging        | |  2.2
Transmutations | |  2.0
Ice Magic      | |  0.1

Action                   |  1- 3 |  4- 6 || total
-------------------------+-------+-------++-------
Melee: Unarmed           |    66 |    63 ||   129
       Kick              |    14 |    16 ||    30
       Constrict         |    13 |    14 ||    27
       Tentacles         |     9 |    10 ||    19
       Punch             |     1 |     2 ||     3
Throw: Dart              |    39 |    32 ||    71
 Cast: Beastly Appendage |    23 |    20 ||    43
  Use: Scroll            |     1 |       ||     1
 Stab: Sleeping          |     3 |     1 ||     4
Armor: Skin              |     5 |     7 ||    12
Dodge: Dodged            |    34 |    42 ||    76
